 Dungeon Crawl Stone Soup version 0.25.1-2-g60ff931df9 (webtiles) character file.

Game seed: 14884628006088582258

399 raphialitos the Shield-Bearer (level 7, 0/54 HPs)
             Began as a Formicid Fighter on Oct 20, 2020.
             Slain by an adder (1 damage)
             ... in a sewer.
             The game lasted 00:09:31 (2642 turns).

raphialitos the Shield-Bearer (Formicid Fighter)    Turns: 2642, Time: 00:09:31

Health: 0/54       AC: 12    Str: 22    XL:     7   Next: 10%
Magic:  7/7        EV:  8    Int: 12    God:
Gold:   112        SH: 10    Dex: 10    Spells: 6/6 levels left

rFire    . . .     SeeInvis +   n - +1 spear of the Postmodern Coins {vorpal, Int+4}
rCold    . . .     Gourm    .   c - +0 kite shield
rNeg     . . .     Faith    .   o - +1 chain mail
rPois    .         Spirit   .   (helmet unavailable)
rElec    .         Reflect  .   l - +0 cloak
rCorr    .         Harm     .   (no gloves)
MR       +....                  (no boots)
Stlth    ..........             (no amulet)
HPRegen  0.18/turn              s - ring of protection from magic
MPRegen  0.10/turn              j - +4 ring of evasion

@: lethally poisoned (0 -> -7), constricted, very slow
A: permanent stasis, dig shafts and tunnels, four strong arms, antennae 3
a: Dig, Shaft Self


You were in a sewer.
You were not hungry.

You visited 1 branch of the dungeon, and saw 3 of its levels.
You also visited: Sewer.

You collected 112 gold pieces.

Inventory:

Hand Weapons
 n - the +1 spear of the Postmodern Coins (weapon) {vorpal, Int+4}
   (You found it in a sewer)

   It inflicts extra damage upon your enemies.
   It affects your intelligence (+4).
 u - a +2 mace of protection
Missiles
 a - 31 arrows
 m - 45 sling bullets
 p - 25 bolts
 q - 16 poisoned darts (quivered)
Armour
 c - a +0 kite shield (worn)
 l - a +0 cloak (worn)
 o - a +1 chain mail (worn)
Jewellery
 e - an uncursed ring of poison resistance
 j - a +4 ring of evasion (right hand)
 s - a ring of protection from magic (left hand)
Scrolls
 b - 2 scrolls of identify
 t - a scroll of amnesia
 x - a scroll of remove curse
 y - a scroll of enchant weapon
 z - a scroll of fog
Potions
 d - 3 potions of might
 g - 2 potions of curing
 h - 2 potions of mutation
 k - a potion of stabbing {unknown}
 r - a potion of invisibility
 w - 2 potions of flight {unknown}
 C - 2 potions of magic {unknown}
 D - a potion of heal wounds {unknown}
Comestibles
 f - 5 rations
 B - 4 chunks of flesh


   Skills:
 + Level 4.1 Fighting
   Level 2.1 Long Blades
 + Level 2.9 Maces & Flails
 + Level 0.1 Polearms
 + Level 5.0 Armour
 + Level 1.3 Dodging
 + Level 5.7 Shields


You had 6 spell levels left.
You didn't know any spells.
Your spell library was empty.

Dungeon Overview and Level Annotations

Branches:
Dungeon (3/15)              Sewer (1/1)

Altars:
Ashenzari
Cheibriados

Annotations:
Abyss:1 Sigmund


Innate Abilities, Weirdness & Mutations

You cannot be hasted, slowed, berserked, paralysed or teleported.
You can dig through walls and to a lower floor.
Your four strong arms can wield two-handed weapons with a shield.
You have a pair of large antennae on your head. (SInv)


Message History

* * * LOW HITPOINT WARNING * * *
You feel sick. The bullfrog hits you.
* * * LOW HITPOINT WARNING * * *
You block the adder's attack. The adder closely misses you.
You block the adder's attack. The bullfrog hits you.
* * * LOW HITPOINT WARNING * * *
The ball python barely misses you. The ball python constricts you.
The adder barely misses you.
The bullfrog hits you but does no damage.
The adder barely misses you. x2
You barely miss the adder.
* * * LOW HITPOINT WARNING * * *
You feel sick. You block the bullfrog's attack.
The adder bites you but does no damage.
The ball python bites you but does no damage.
The ball python constricts you. The adder barely misses you.
The bullfrog barely misses you. The adder barely misses you.
The adder bites you but does no damage. You block the bullfrog's attack.
The adder bites you but does no damage. The adder bites you.
You die...

#≈≈≈≈≈≈#
#≈÷≈≈≈≈
#≈≈≈≈≈≈#
#≈≈≈≈≈≈
#≈≈≈≈≈≈#
#≈÷≈≈≈≈
#≈#≈≈≈≈#
##÷÷≈.≈
#≈≈≈≈≈≈#
#≈..)≈≈
#≈.≈≈≈≈#
##≈..≈≈
#§§≈§§≈#
#≈≈≈≈≈≈
#§F#F§≈#
#≈≈≈≈≈≈
#lS@SJ≈#
#≈≈≈≈≈≈
#§SSS§≈#
#≈≈≈≈≈≈
#≈§S§§≈#
#≈≈≈≈≈≈
#≈≈≈≈≈≈#
#≈≈≈≈≈≈
#≈≈≈#≈≈#
#≈≈≈≈≈≈
##.≈≈..#
##..≈≈#
*......#****
#......
*......#,,,*
##.....
*,,,,,,+,∩,*
#.....


You could see 2 bullfrogs, an ooze (inner flame), 4 adders, 2 ball pythons and a
frilled lizard (inner flame).

Vanquished Creatures
  An iguana (D:3)
  11 adders
  10 river rats
  An ooze (Sewer)
  3 worms (D:3)
  A dart slug (D:3)
  A leopard gecko (D:2)
  An orc (D:3)
  5 ball pythons
  2 bats (D:2)
  A giant cockroach (D:3)
  2 goblins
  5 hobgoblins
  6 kobolds
  7 frilled lizards
  30 rats
87 creatures vanquished.

Vanquished Creatures (others)
  A river rat (D:3)
  3 worms
  A hobgoblin (D:3)
5 creatures vanquished.

Grand Total: 92 creatures vanquished

Notes
Turn   | Place    | Note
-------+----------+-------------------------------------------
     0 | D:1      | raphialitos the Formicid Fighter began the quest for the
                  | Orb.
     0 | D:1      | Reached XP level 1. HP: 18/18 MP: 1/1
   439 | D:1      | Reached XP level 2. HP: 22/24 MP: 2/2
   508 | D:2      | Found a shattered altar of Ashenzari.
   687 | D:2      | Reached XP level 3. HP: 24/29 MP: 3/3
   846 | D:2      | Noticed Sigmund
   854 | D:2      | Banished Sigmund
   854 | D:2      | Reached skill level 1 in Maces & Flails
   854 | D:2      | Reached XP level 4. HP: 37/37 MP: 4/4
   854 | D:2      | Reached XP level 5. HP: 42/42 MP: 5/5
  1425 | D:3      | Found a snail-covered altar of Cheibriados.
  1503 | D:3      | Reached XP level 6. HP: 48/48 MP: 6/6
  1604 | D:3      | Reached skill level 5 in Shields
  1711 | D:3      | Found a glowing drain.
  1719 | Sewer    | Entered a sewer
  2055 | Sewer    | Reached skill level 5 in Armour
  2076 | Sewer    | Reached skill level 1 in Dodging
  2359 | Sewer    | Got a fine spear
  2359 | Sewer    | Identified the cursed +1 spear of the Postmodern Coins
                  | {vorpal, Int+4} (You found it in a sewer)
  2388 | Sewer    | Reached XP level 7. HP: 45/54 MP: 7/7
  2642 | Sewer    | HP: 1/54 [poisoned by an adder]
  2642 | Sewer    | Slain by an adder

Illustrated notes

Levels and vault maps discovered:
D:1:      minmay_arrival_glassed_features, layout_rooms
D:2:      layout_loops_ring, nicolae_ashenzari_panopticon, uniq_sigmund
D:3:      layout_basic, kennysheep_slug_shrine, grunt_temple_overflow_open,
          lightli_sewer_entry_pipes, minmay_curled_crystal
Sewer:    sewer_minmay_w

Skill      XL: |  1  2  3  4  5  6 |
---------------+-------------------+-----
Shields        | 4 5 |  5.7
Maces & Flails | 1 2 |  2.9
Armour         | 4 5 |  5.0
Fighting       | 4 |  4.1
Dodging        | 1 |  1.3
Long Blades    | |  2.1
Polearms       | |  0.1

Action                   |  1- 3 |  4- 6 |  7- 9 || total
-------------------------+-------+-------+-------++-------
Melee: Long sword        |    17 |       |       ||    17
       Mace              |    28 |   174 |       ||   202
       Spear             |       |    24 |    63 ||    87
  Use: Scroll            |     4 |     5 |     4 ||    13
       Potion            |       |       |     1 ||     1
  Eat: Chunk             |       |     5 |     1 ||     6
Armor: Scale mail        |     7 |       |       ||     7
       Chain mail        |    15 |   158 |   120 ||   293
Dodge: Dodged            |    17 |   151 |   101 ||   269
Block: Kite shield       |    16 |   194 |   100 ||   310
